 Dungeon Crawl Stone Soup version 0.21.1-1-g345015fe64 (webtiles) character file.

1047 Gargoyl the Skirmisher (level 8, -8/67 HPs)
             Began as a Centaur Abyssal Knight on June 16, 2018.
             Was a Priest of Lugonu.
             Mangled by Menkaure (18 damage)
             ... on level 5 of the Dungeon.
             The game lasted 00:08:56 (4753 turns).

Gargoyl the Skirmisher (Centaur Abyssal Knight)     Turns: 4753, Time: 00:08:57

Health: -8/67      AC:  6    Str: 21    XL:     8   Next: 5%
Magic:  11/11      EV:  9    Int: 11    God:    Lugonu [***...]
Gold:   159        SH:  0    Dex: 15    Spells: 7/7 levels left

rFire    . . .     SeeInvis .   e - +1 trident "Byxycucs" {freeze, Str+4 Dex+6}
rCold    . . .     Gourm    .   (no shield)
rNeg     . . .     Faith    .   d - +0 ring mail
rPois    .         Spirit   .   (no helmet)
rElec    .         Reflect  .   (no cloak)
rCorr    .         Harm     .   (no gloves)
MR       .....                  (no barding)
Stlth    ..........             (no amulet)
HPRegen  0.21/turn              (no ring)
MPRegen  0.12/turn              (no ring)

@: confused, lethally poisoned (-8 -> -8), very quick
A: large, hooves 3, deformed body, speed 2, tough skin 3
a: Depart the Abyss, Bend Space, Banish, Renounce Religion


You were on level 5 of the Dungeon.
You worshipped Lugonu.
Lugonu was most pleased with you.
You were not hungry.

You visited 1 branch of the dungeon, and saw 5 of its levels.
You visited the Abyss 1 time.

You collected 159 gold pieces.

Inventory:

Hand Weapons
 a - a +2 hand axe
 e - the +1 trident "Byxycucs" (weapon) {freeze, Str+4 Dex+6}
   (You found it on level 2 of the Abyss)

   It has been specially enchanted to freeze those struck by it, causing extra
   injury to most foes and up to half again as much damage against particularly
   susceptible opponents.
   It can also slow down cold-blooded creatures.
   It affects your strength (+4).
   It affects your dexterity (+6).
 o - a +0 hand axe of flaming
Armour
 d - a +0 ring mail (worn)
Scrolls
 b - 2 scrolls of fear
 f - 4 scrolls of remove curse
 g - 2 scrolls of identify
 h - 2 scrolls of teleportation
 j - 3 scrolls of magic mapping
 k - 2 scrolls of fog
 l - 2 scrolls of amnesia
Potions
 n - a potion of curing {unknown}
Comestibles
 c - 9 rations
 m - 3 chunks of flesh


   Skills:
 + Level 4.7 Fighting
 + Level 1.8(3.3) Axes
 + Level 4.2(4.4) Polearms
 * Level 4.4 Armour
 + Level 1.7 Dodging
 * Level 4.3 Invocations


You had 7 spell levels left.
You didn't know any spells.

Dungeon Overview and Level Annotations

Branches:
Dungeon (5/15)
 Temple: D:4-7

Altars:
Dithmenos
Sif Muna
Vehumet

Annotations:
D:5 Menkaure


Innate Abilities, Weirdness & Mutations

You have hooves in place of feet.
Armour fits poorly on your strangely shaped body.
You cover ground very quickly.
You have extremely tough skin. (AC +3)


Message History

You barely miss Menkaure. You kick Menkaure, but do no damage.
Menkaure is heavily damaged.
Menkaure calls on the powers of darkness!
Your body is wracked with pain!
Menkaure hits you!
* * * LOW HITPOINT WARNING * * *
You hit Menkaure. Your kick misses Menkaure.
Menkaure is heavily damaged.
You feel sick. Menkaure hits you!
* * * LOW HITPOINT WARNING * * *
You barely miss Menkaure.
Menkaure is heavily damaged.
Menkaure casts a spell at you.
You struggle to resist.
You hit Menkaure. You kick Menkaure, but do no damage.
Menkaure is heavily damaged.
Menkaure misses you.
It was a potion of ambrosia.
You are confused.
You feel invigorated.
You feel sick. Menkaure hits you!!
You die...

## .. ###.##
...#....# ........#
## ......M@## ##.#
.##.###..##...##
#.###.......### #..
#.........# ##
#.##.......... .#
##........##..
#######
.####.......###
#..#..##......#....##
#.......#..## ##...#


You could see Menkaure.

Vanquished Creatures
  Sigmund (D:2)
  A wyvern (D:5)
  A phantom (D:4)
  An ogre (D:4)
  A scorpion (D:4)
  A bullfrog zombie (D:5)
  A crimson imp (D:5)
  A centaur skeleton (D:4)
  An iguana (D:4)
  2 orc wizards (D:5)
  5 worker ants (D:4)
  12 adders
  An ooze (D:2)
  An adder zombie (D:5)
  An adder skeleton (D:3)
  6 worms
  2 dart slugs (D:1)
  3 leopard geckos (D:3)
  7 orcs
  7 giant cockroaches
  5 hobgoblins
  8 jackals
  9 kobolds
  4 quokkas
  14 bats
  5 frilled lizards
  7 goblins
  A quokka skeleton (D:4)
  7 rats
116 creatures vanquished.

Notes
Turn   | Place    | Note
-------+----------+-------------------------------------------
     0 | Abyss:1  | Gargoyl the Centaur Abyssal Knight began the quest for the Orb.
     0 | Abyss:1  | Reached XP level 1. HP: 19/19 MP: 2/2
     2 | Abyss:1  | Found a corrupted altar of Lugonu.
     9 | Abyss:2  | Found a corrupted altar of Lugonu.
    19 | Abyss:2  | Got a transparent trident
    20 | Abyss:2  | Identified the +1 trident "Byxycucs" {freeze, Str+4 Dex+6} (You found it on level 2 of the Abyss)
    26 | Abyss:2  | Noticed a small abomination
    38 | Abyss:2  | Noticed a ynoxinul
    42 | D:1      | Escaped the Abyss
   127 | D:1      | Reached * piety under Lugonu
   358 | D:1      | Reached XP level 2. HP: 26/26 MP: 3/3
   817 | D:2      | Reached XP level 3. HP: 31/31 MP: 4/4
   824 | D:2      | Found a deep blue altar of Sif Muna.
  1120 | D:2      | Reached skill level 1 in Polearms
  1120 | D:2      | Reached XP level 4. HP: 37/38 MP: 5/5
  1146 | D:2      | Reached ** piety under Lugonu
  1195 | D:2      | Noticed Sigmund
  1214 | D:2      | Killed Sigmund
  1214 | D:2      | Reached skill level 1 in Dodging
  1214 | D:2      | Reached XP level 5. HP: 5/46 MP: 5/7
  1523 | D:2      | Found a radiant altar of Vehumet.
  1865 | D:3      | Reached XP level 6. HP: 47/52 MP: 8/8
  2762 | D:4      | Reached *** piety under Lugonu
  3070 | D:4      | Found a shadowy altar of Dithmenos.
  3278 | D:4      | Reached XP level 7. HP: 50/59 MP: 9/9
  4186 | D:5      | Entered Level 5 of the Dungeon
  4228 | D:5      | Noticed a wyvern
  4236 | D:5      | Killed a wyvern
  4573 | D:5      | Reached XP level 8. HP: 62/67 MP: 11/11
  4742 | D:5      | Noticed Menkaure
  4753 | D:5      | Mangled by Menkaure

Skill      XL: |  1  2  3  4  5  6  7 |
---------------+----------------------+-----
Armour         | 2 3 4 |  4.4
Polearms       | 1 2 3 4 |  4.2
Dodging        | 1 |  1.7
Invocations    | 3 4 |  4.3
Fighting       | 4 |  4.7
Axes           | |  1.8

Action                   |  1- 3 |  4- 6 |  7- 9 || total
-------------------------+-------+-------+-------++-------
Melee: Trident           |    79 |   152 |    86 ||   317
       Kick              |    11 |    40 |    32 ||    83
Invok: Depart the Abyss  |     1 |       |       ||     1
  Use: Potion            |       |     2 |     1 ||     3
       Scroll            |       |     9 |     2 ||    11
 Stab: Distracted        |       |     1 |       ||     1
  Eat: Chunk             |       |     5 |     2 ||     7
       Ration            |       |       |     1 ||     1
Armor: Ring mail         |    68 |    64 |    24 ||   156
Dodge: Dodged            |    57 |    59 |    31 ||   147
